 Dungeon Crawl Stone Soup version 0.32-a0-128-g77eb882913 (console) character file.

Game seed: 5850017359234663390

1 zenocrate the Sneak (level 1, 0/14 HPs)
             Began as a Kobold Delver on Feb 7, 2024.
             Slain by an orc wizard
             ... wielding a +0 dagger
              (1 damage)
             ... on level 4 of the Dungeon.
             The game lasted 00:00:18 (57 turns).

zenocrate the Sneak (Kobold Delver)                   Turns: 57, Time: 00:00:19

Health: 0/14       AC:  3    Str:  9    XL:     1   Next: 22%
Magic:  1/1        EV: 14    Int: 11    God:
Gold:   0          SH:  0    Dex: 16    Spells: 0/0 levels left

rFire   . . .        a - +0 short sword
rCold   . . .        (no shield)
rNeg    . . .        b - +0 leather armour
rPois   .            (no helmet)
rElec   .            (no cloak)
rCorr   .            (no gloves)
SInv    .            (no boots)
Will    .....        (no amulet)
Stlth   ++++         (no ring)
HPRegen 0.22/turn    (no ring)
MPRegen 0.07/turn

%: no passive effects
@: no status effects
A: small, no large weapons, nightstalker 3
a: no special abilities


You were on level 4 of the Dungeon.
You visited 1 branch of the dungeon, and saw 2 of its levels.

Inventory:

Hand Weapons
 a - a +0 short sword (weapon)
Armour
 b - a +0 leather armour (worn)
Wands
 g - a wand of digging (3)
Scrolls
 c - a scroll of fog
 d - a scroll of revelation
 e - a scroll of fear
Potions
 f - a potion of haste


   Skills:
 - Level 3.2 Fighting
 + Level 2.7 Short Blades
 + Level 2.5 Dodging
 + Level 6.6 Stealth


You couldn't memorise any spells.
You didn't know any spells.
Your spell library was empty.

Dungeon Overview and Level Annotations

Branches:
Dungeon (5/15)
 Temple: D:4-7

Altars:


Innate Abilities, Weirdness & Mutations

You are small and have problems with some larger weapons.
You are completely attuned to the shadows.


Message History

Something hits you.
You climb upwards.
Reactivating autopickup.
Found a scroll labelled OXACLY OSHRERPHO.
There is a stone staircase leading down here.
Unknown command.
The endoplasm quivers.
Unknown command.
You are too confused!
You are too confused!
Deactivating autopickup; reactivate with Ctrl-A.
You barely miss something. Your punch misses something.
Unknown command.
You feel less confused. Something barely misses you.
You hit the endoplasm.
The endoplasm is lightly wounded.
The endoplasm hits you but does no damage.
Something completely misses you.
You hit the endoplasm.
The endoplasm is almost dead.
The endoplasm misses you. Something hits you.
You hit the endoplasm.
You kill the endoplasm!
Something hits you but does no damage.
No target in view!
You hit something. You punch something. Something hits you.
You barely miss something. Something hits you.
You miss something. You miss something. You punch something.
Something barely misses you.
Unknown command.
Okay, then.
Okay, then.
You completely miss something. Something hits you.
* * * LOW HITPOINT WARNING * * *
You barely miss something. Something hits you.
* * * LOW HITPOINT WARNING * * *
Unknown command.
You closely miss something. Something hits you.
You die...

###..#
.?..#
#...##....
#....#....
#>.......
##.{.....
#...@....
#........
##.......
#..##...
#... ##.


There were no monsters in sight!

Vanquished Creatures
  An endoplasm (D:4)
1 creature vanquished.

Notes
Turn   | Place    | Note
-------+----------+-------------------------------------------
     0 | D:5      | zenocrate the Kobold Delver began the quest for the Orb.
     0 | D:5      | Reached XP level 1. HP: 14/14 MP: 1/1
    16 | D:5      | Noticed an orc wizard
    19 | D:5      | Noticed an orc wizard
    57 | D:4      | Slain by an orc wizard

Illustrated notes

Levels and vault maps discovered:
D:4:      nicolae_cairo_tiling_large, layout_cave_pools, bloody_makhleb,
          general_overflow_altar, nicolae_elyvilon_peaceful_grove,
          kennysheep_little_box, mainiacjoe_overflow_24_doors, uniq_sigmund,
          uniq_grinder
D:5:      layout_loops_ring, nicolae_qazlal_beasts_of_the_sky, feat_on_display

Action                     || total
---------------------------++-------
  Melee: Short sword       ||    12
         Punch             ||     2
 Armour: Leather armour    ||    15
  Dodge: Dodged            ||     6

Table legend: (Time is in decaauts)
 A = Elapsed time spent in this place.
 B = Non-inter-level travel time spent in this place.
 C = Inter-level travel time spent in this place.
 D = Time resting spent in this place.
 E = Time spent auto-exploring this place.
 F = Levels seen in this place.
 G = Mean time per level.
                   A        B        C        D        E       F      G
               +--------+--------+--------+--------+--------+-----+--------+
         Total |     55 |     55 |      0 |      0 |     15 |   2 |   27.5 |
       Dungeon |     55 |     55 |      0 |      0 |     15 |   2 |   27.5 |
               +--------+--------+--------+--------+--------+-----+--------+

Top non-repeatable levels by time:
     D:5: 42 daAuts
     D:4: 12 daAuts
